 Dungeon Crawl Stone Soup version 0.24.0-123-gd5b16e6ec5 (webtiles) character file.

Game seed: 12572618522365655485, levelgen mode: deterministic

326 Curus the Chopper (level 6, 0/51 HPs)
             Began as a Hill Orc Abyssal Knight on Jan 8, 2020.
             Was a Believer of Lugonu.
             Slain by an ogre
             ... wielding a +0 giant club
              (15 damage)
             ... on level 4 of the Dungeon.
             The game lasted 00:08:55 (2931 turns).

Curus the Chopper (Hill Orc Abyssal Knight)         Turns: 2931, Time: 00:08:55

Health: 0/51       AC: 11    Str: 15    XL:     6   Next: 49%
Magic:  0/10       EV:  6    Int: 12    God:    Lugonu [**....]
Gold:   133        SH:  0    Dex: 12    Spells: 5/5 levels left

rFire    . . .     SeeInvis .   a - +1 hand axe
rCold    . . .     Gourm    .   (no shield)
rNeg     . . .     Faith    .   d - +2 chain mail
rPois    .         Spirit   +   (no helmet)
rElec    .         Reflect  .   (no cloak)
rCorr    .         Harm     .   (no gloves)
MR       .....                  l - +0 pair of boots
Stlth    ..........             g - amulet of guardian spirit
HPRegen  0.17/turn              (no ring)
MPRegen  0.12/turn              (no ring)

@: no status effects
A: no striking features
a: Depart the Abyss, Bend Space, Renounce Religion


You were on level 4 of the Dungeon.
You worshipped Lugonu.
Lugonu was pleased with you.
You were not hungry.

You visited 1 branch of the dungeon, and saw 4 of its levels.
You visited the Abyss 1 time.

You collected 133 gold pieces.

Inventory:

Hand Weapons
 a - a +1 hand axe (weapon)
Armour
 b - a +0 leather armour
 d - a +2 chain mail (worn)
 l - a +0 pair of boots (worn)
Jewellery
 g - an amulet of guardian spirit (around neck)
 h - an uncursed ring of attention
Wands
 j - a wand of digging (6)
Scrolls
 f - a scroll of remove curse
 k - a scroll of enchant armour
Potions
 e - 2 potions of curing
 i - a potion of flight
Comestibles
 c - 6 rations


   Skills:
 - Level 3.6 Fighting
 + Level 6.5 Axes
 - Level 2.1 Armour
 - Level 0.7 Dodging
 + Level 6.3 Invocations


You had 5 spell levels left.
You didn't know any spells.
Your spell library was empty.

Dungeon Overview and Level Annotations

Branches:
Dungeon (4/15)
 Temple: D:4-7

Altars:


Message History

You hit the ogre.
The ogre is severely wounded.
A jackal skeleton comes into view.
The ogre barely misses you.
You hit the ogre.
The ogre is severely wounded.
You barely miss the ogre.
The ogre is severely wounded.
The ogre hits you with a +0 giant club!
* * * LOW HITPOINT WARNING * * *
You hit the ogre.
The ogre is severely wounded.
The ogre hits you but does no damage.
You closely miss the ogre.
The ogre is severely wounded.
The ogre completely misses you.
You barely miss the ogre.
The ogre is severely wounded.
The ogre hits you with a +0 giant club!!
You die...

#.#..........#......>.
#)#.####.#####........
#.......).............
##
####.#................
.. #.#.##..###.#######
#.###.#.###.# #.#
###.....#.# #.###.#
......o##.# #..##.#
......oO@.# ##.≈..#
.....Zo#######≈≈≈'#####
....... #..≈≈≈.....#
......[ #..≈.≈.....#
....!.. #...≈......#
.....$. #..........#
....... #..........#
....... #..........#
#..........#


You could see an ogre, 3 orcs and a jackal skeleton.

Vanquished Creatures
  An ogre (D:4)
  A bullfrog skeleton (D:4)
  A centaur skeleton (D:4)
  A hound (D:4)
  3 gnolls (D:3)
  5 adders
  3 worms
  2 dart slugs (D:1)
  A leopard gecko (D:1)
  8 orcs
  7 bats
  A giant cockroach (D:1)
  6 goblins
  8 hobgoblins
  4 jackals
  A quokka (D:3)
  2 ball pythons
  2 frilled lizards
  9 kobolds
  A quokka skeleton (D:4)
  5 rats
72 creatures vanquished.

Notes
Turn   | Place    | Note
-------+----------+-------------------------------------------
     0 | Abyss:1  | Curus the Hill Orc Abyssal Knight began the quest for the
                  | Orb.
     0 | Abyss:1  | Reached XP level 1. HP: 19/19 MP: 2/2
    74 | Abyss:1  | Noticed a worldbinder
    77 | D:1      | Escaped the Abyss
   240 | D:1      | Reached XP level 2. HP: 17/26 MP: 2/4
   254 | D:1      | Reached * piety under Lugonu
   712 | D:1      | Reached XP level 3. HP: 20/31 MP: 5/5
  1130 | D:2      | Reached XP level 4. HP: 25/39 MP: 7/7
  1200 | D:2      | Reached ** piety under Lugonu
  1651 | D:3      | Found a faded altar of an unknown god.
  1829 | D:3      | Reached skill level 5 in Axes
  1835 | D:3      | Reached XP level 5. HP: 30/45 MP: 6/8
  1962 | D:3      | Reached skill level 5 in Invocations
  2309 | D:4      | Noticed an ogre
  2904 | D:4      | Noticed an ogre
  2904 | D:4      | Noticed an ogre
  2911 | D:4      | Reached XP level 6. HP: 50/51 MP: 10/10
  2931 | D:4      | Slain by an ogre

Levels and vault maps discovered:
D:1:      grunt_arrival_crossed_arrows, layout_basic
D:2:      layout_loops_ring
D:3:      layout_loops_ring, chequers_ecumenical_altar_simple_redux
D:4:      layout_basic, first_ration, nrook_loot_triangle, serial_bayou_pond_e

Skill      XL: |  1  2  3  4  5  6 |
---------------+-------------------+-----
Axes           | 3 4 5 6 |  6.5
Invocations    | 3 4 5 6 |  6.3
Fighting       | |  3.6
Armour         | |  2.1
Dodging        | |  0.7

Action                   |  1- 3 |  4- 6 || total
-------------------------+-------+-------++-------
Melee: Hand axe          |   134 |   179 ||   313
Invok: Depart the Abyss  |     1 |       ||     1
       Bend Space        |       |     1 ||     1
  Use: Potion            |     1 |     5 ||     6
       Scroll            |     2 |     4 ||     6
  Eat: Chunk             |     1 |     6 ||     7
Armor: Leather armour    |    15 |       ||    15
       Chain mail        |    33 |   118 ||   151
Dodge: Dodged            |    55 |    56 ||   111
